 Dungeon Crawl Stone Soup version 0.31-a0-198-g2ad674f65e (webtiles) character file.

Game seed: 5651983623385727848

142 qw the Skirmisher (level 5, -2/29 HPs)
             Began as a Deep Elf Hunter on June 25, 2023.
             Slain by a scorpion (3 damage)
             ... on level 4 of the Dungeon.
             The game lasted 00:00:54 (2915 turns).

qw the Skirmisher (Deep Elf Hunter)                 Turns: 2915, Time: 00:00:55

Health: -2/29      AC:  6    Str: 10    XL:     5   Next: 4%
Magic:  7/7        EV: 11    Int: 14    God:
Gold:   176        SH:  0    Dex: 18    Spells: 4/4 levels left

rFire   . . .        Y - +1 shortbow
rCold   . . .        (shield currently unavailable)
rNeg    . . .        j - +0 ring mail
rPois   .            i - +0 helmet
rElec   .            (no cloak)
rCorr   .            (no gloves)
SInv    .            (no boots)
Will    .....        (no amulet)
Stlth   +            (no ring)
HPRegen 0.24/turn    (no ring)
MPRegen 0.10/turn

%: no passive effects
@: lethally poisoned (-2 -> -13)
A: no striking features
a: no special abilities


You were on level 4 of the Dungeon.
You visited 1 branch of the dungeon, and saw 4 of its levels.

You collected 176 gold pieces.


   Skills:
 - Level 1.5 Fighting
 + Level 8.4 Ranged Weapons
 - Level 2.4 Dodging
 - Level 1.2 Stealth


You had 4 spell levels left.
You didn't know any spells.
Your spell library was empty.

Inventory:

Hand Weapons
 Y - a +1 shortbow (weapon)
Armour
 i - a +0 helmet (worn)
 j - a +0 ring mail (worn)
Scrolls
 g - a scroll of identify
Potions
 e - a potion of mutation
 f - a potion of curing
 k - a potion of heal wounds {unknown}

Dungeon Overview and Level Annotations

Branches:
Dungeon (4/15)
 Temple: D:4-7

Altars:
Ashenzari
Elyvilon
Nemelex Xobeh
Ru
Trog

Annotations:
D:2 1 runed translucent door, Crazy Yiuf


Message History

There is a stone staircase leading down here.
You climb downwards.
There is a stone staircase leading up here.
Waypoint 3 assigned to D:4.
Found a stone staircase leading down.
A goblin comes into view. It is wielding a +0 club.
You shoot an arrow. The arrow hits the goblin!
You kill the goblin!
A scorpion comes into view.
Things that are here:
a +0 club; a goblin corpse You shoot an arrow.
The arrow barely misses the scorpion.
You shoot an arrow. The arrow hits the scorpion.
The scorpion is moderately wounded.
You shoot an arrow.
The arrow hits the scorpion but does no damage.
The scorpion is moderately wounded.
You shoot an arrow. The arrow closely misses the scorpion.
The scorpion stings you. The scorpion barely misses you.
You shoot an arrow.
The arrow hits the scorpion but does no damage.
The scorpion is moderately wounded.
The scorpion stings you.
You shoot an arrow. The arrow hits the scorpion!
The scorpion is heavily wounded.
The scorpion stings you.
You are poisoned.
The scorpion poisons you!
You shoot an arrow. The arrow closely misses the scorpion.
You feel very sick. The scorpion stings you.
You are lethally poisoned!
The scorpion poisons you! The scorpion stings you.
You shoot an arrow. The arrow closely misses the scorpion.
You feel very sick. The scorpion barely misses you.
You shoot an arrow. The arrow barely misses the scorpion.
You feel very sick. The scorpion stings you.
You die...

#.#.# #.#
....######.# ##
#..>.....## ..
#.........#
.###.##.#.#.##
..#.##.#.#.#
#.#....#.#.#
.#.###.#.####.#.#
.......@.# #.#.#
.....#.#s# #.#.#
.#. #.#.# #.#.#
....# #.#.#
.#.#.# #.#
..#.... #.# ..
#.#.# #.# ...
#.#.######.#
#<.....#


You could see a scorpion.

Vanquished Creatures
  Terence (D:2)
  Robin (D:2)
  3 adders (D:2)
  3 worms
  An orc (D:3)
  6 ball pythons
  5 bats
  8 endoplasms
  6 giant cockroaches
  14 goblins
  5 hobgoblins
  3 jackals (D:1)
  3 kobolds
  A quokka (D:1)
  A frilled lizard (D:3)
  4 rats
65 creatures vanquished.

Notes
Turn   | Place    | Note
-------+----------+-------------------------------------------
     0 | D:1      | qw the Deep Elf Hunter began the quest for the Orb.
     0 | D:1      | Reached XP level 1. HP: 12/12 MP: 3/3
     0 | D:1      | 0 ||| qw: Version: 0.3-a-22-g0ed2b0b
     0 | D:1      | 0 ||| qw: Game counter: 5297
     0 | D:1      | 0 ||| qw: Melee chars always use a shield: true
     0 | D:1      | 0 ||| qw: God list: Okawaru
     0 | D:1      | 0 ||| qw: Allow faded altars: false
     0 | D:1      | 0 ||| qw: Do Orc after clearing Dungeon:15 true
     0 | D:1      | 0 ||| qw: Do second Lair branch before Depths: true
     0 | D:1      | 0 ||| qw: Lair rune preference: random
     0 | D:1      | 0 ||| qw: Goals: Normal
     0 | D:1      | 0 ||| PLANNING D:1-11
   159 | D:1      | Found a faded altar of an unknown god.
   290 | D:1      | Reached skill level 6 in Ranged Weapons
   290 | D:1      | Reached XP level 2. HP: 16/16 MP: 4/4
   734 | D:1      | You fall into a shaft and drop 1 floor!
   765 | D:2      | Reached XP level 3. HP: 20/20 MP: 5/5
   789 | D:2      | Noticed Robin
   799 | D:2      | Killed Robin
   800 | D:2      | Reached skill level 7 in Ranged Weapons
   903 | D:2      | Noticed Terence
   910 | D:2      | Killed Terence
   911 | D:2      | Reached XP level 4. HP: 22/25 MP: 6/6
  1115 | D:2      | 1115 ||| UPGRADING to +2 animal skin.
  1125 | D:2      | 1125 ||| DROPPING +0 leather armour.
  1126 | D:2      | 1126 ||| UPGRADING to +0 helmet.
  1131 | D:2      | 1131 ||| UPGRADING to +0 ring mail.
  1141 | D:2      | 1141 ||| DROPPING +2 animal skin.
  1142 | D:2      | 1142 ||| READING scroll labelled OSOUMMIMOF.
  1143 | D:2      | 1143 ||| READING 3 scrolls labelled HEOSIP POEGG.
  1144 | D:2      | 1144 ||| READING 2 scrolls of identify.
  1144 | D:2      | 1144 ||| IDENTIFYING metallic blue potion
  1145 | D:2      | 1145 ||| DROPPING scroll of butterflies.
  1629 | D:2      | Found a runed translucent door.
  1630 | D:2      | Noticed Crazy Yiuf
  1712 | D:2      | Reached skill level 8 in Ranged Weapons
  2031 | D:2      | 2031 ||| READING scroll labelled UKITAT RYEVVUT.
  2032 | D:2      | 2032 ||| READING 2 scrolls of identify.
  2032 | D:2      | 2032 ||| IDENTIFYING fizzy dark potion
  2407 | D:3      | Found a sparkling altar of Nemelex Xobeh.
  2450 | D:3      | Identified the +5 mace "Death Rattle" {flame, rElec Will+
                  | Str+2}
  2585 | D:3      | Reached XP level 5. HP: 29/29 MP: 7/7
  2585 | D:3      | Found a white marble altar of Elyvilon.
  2585 | D:3      | Found a bloodstained altar of Trog.
  2774 | D:3      | Found a sacrificial altar of Ru.
  2776 | D:3      | Found a broken altar of Ashenzari.
  2840 | D:3      | 2840 ||| READING scroll labelled ESHREA JIABLAHA.
  2841 | D:3      | 2841 ||| READING scroll labelled JAUDWE UTEHYA.
  2842 | D:3      | 2842 ||| READING scroll labelled BITEGIAHUS.
  2843 | D:3      | 2843 ||| READING 2 scrolls labelled DYREOGISHA.
  2844 | D:3      | 2844 ||| READING scroll labelled QOABUR MOCAD.
  2845 | D:3      | 2845 ||| DROPPING scroll of fear.
  2914 | D:4      | HP: 4/29 [poisoned by a scorpion]
  2915 | D:4      | HP: 1/29 [poisoned by a scorpion]
  2915 | D:4      | Slain by a scorpion

Levels and vault maps discovered:
D:1:      lightli_arrival_statue_moat, layout_basic,
          shapermc_ecumenical_altar_acropolis
D:2:      layout_basic, uniq_robin, uniq_terence, uniq_crazy_yiuf_cottage
D:3:      minmay_general_purpose_star, layout_loops_ring,
          nicolae_overflow_two_pavilions, nicolae_overflow_hidden_temple,
          nemelex_dance_club_becter
D:4:      layout_basic, minmay_temple_entry_proselytizer

Skill      XL: |  1  2  3  4 |
---------------+-------------+-----
Ranged Weapons | 6 7 8 |  8.4
Fighting       | |  1.5
Dodging        | |  2.4
Stealth        | |  1.2

Action                     |  1- 3 |  4- 6 || total
---------------------------+-------+-------++-------
   Fire: Shortbow          |    90 |   119 ||   209
    Use: Scroll            |       |    10 ||    10
 Armour: Leather armour    |     8 |     2 ||    10
         Ring mail         |       |    10 ||    10
  Dodge: Dodged            |    34 |    43 ||    77

Table legend:
 A = Non-vault XP
 B = Vault XP
 C = Vault XP percentage of total XP
 D = Non-vault monster count
 E = Vault monster count
 F = Vault count percentage of total count
                 A         B        C        D         E       F
            +---------+---------+-------+---------+---------+-------
      Total |     128 |      76 |  37.3 |      49 |      16 |  24.6
            +---------+---------+-------+---------+---------+-------
        D:1 |      26 |       0 |   0.0 |      14 |       0 |   0.0
        D:2 |      74 |      67 |  47.5 |      20 |      12 |  37.5
        D:3 |      26 |       9 |  25.7 |      14 |       4 |  22.2
        D:4 |       2 |       0 |   0.0 |       1 |       0 |   0.0
            +---------+---------+-------+---------+---------+-------
